 Dungeon Crawl Stone Soup version 0.27-a0-1590-g15f69828bf (webtiles) character file.

Game seed: 8540983513169442890

1078 Gwenloh the Transmogrifier (level 8, -7/54 HPs)
             Began as a Merfolk Transmuter on July 18, 2021.
             Mangled by a two-headed ogre (21 damage)
             ... on level 4 of the Dungeon.
             The game lasted 00:19:18 (6702 turns).

Gwenloh the Transmogrifier (Merfolk Transmuter)     Turns: 6702, Time: 00:19:19

Health: -7/54      AC:  2    Str: 10    XL:     8   Next: 29%
Magic:  0/11       EV: 13    Int: 14    God:
Gold:   112        SH:  0    Dex: 21    Spells: 1/11 levels left

rFire    . . .     SeeInvis .     - Unarmed
rCold    . . .     Faith    .   (no shield)
rNeg     . . .     Spirit   +   a - +0 robe
rPois    .         Reflect  .   (no helmet)
rElec    .         Harm     .   (no cloak)
rCorr    .         Rampage  .   (no gloves)
Will     .....                  (no boots)
Stlth    ++........             l - amulet of guardian spirit
HPRegen  0.18/turn              o - +6 ring of dexterity
MPRegen  0.12/turn              (no ring)

@: no status effects
A: (nimble swimmer 2), mertail
a: no special abilities


You were on level 4 of the Dungeon.
You visited 1 branch of the dungeon, and saw 5 of its levels.

You collected 140 gold pieces.
You spent 28 gold pieces at shops.

Inventory:

Missiles
 d - 114 stones
 p - 6 poisoned darts (quivered)
Armour
 a - a +0 robe (worn)
 u - a +0 leather armour
Jewellery
 i - a ring of ice
 l - an amulet of guardian spirit (around neck)
 o - a +6 ring of dexterity (left hand)
Wands
 s - a wand of acid (10)
Scrolls
 e - 3 scrolls of amnesia
 h - 2 scrolls of summoning
 r - a scroll of teleportation
 t - a scroll of magic mapping {unknown}
 v - a scroll of blinking {unknown}
Potions
 b - 3 potions of attraction
 c - 2 potions of mutation {unknown}
 f - a potion of haste {unknown}
 g - a potion of degeneration {unknown}
 j - a potion of invisibility {unknown}
 k - a potion of brilliance {unknown}
 m - a potion of lignification {unknown}
 n - a potion of resistance {unknown}
 q - 2 potions of curing {unknown}
 w - a potion of ambrosia {unknown}


   Skills:
 - Level 1.1 Fighting
 - Level 2.6 Dodging
 + Level 7.3 Unarmed Combat
 - Level 2.0 Spellcasting
 + Level 8.2 Transmutations
 - Level 3.0 Ice Magic
 - Level 3.0 Poison Magic


You had one spell level left.
You knew the following spells:

 Your Spells              Type           Power      Damage    Failure   Level
a - Beastly Appendage     Tmut           48%        N/A       1%          1
b - Wereblood             Tmut           24%        N/A       1%          2
c - Spider Form           Tmut/Pois      8%         N/A       7%          3
d - Ice Form              Ice/Tmut       17%        N/A       24%         4

Your spell library contained the following spells:

 Spells                   Type           Power      Damage    Failure   Level
 Static Discharge         Conj/Air       1%         N/A       34%         2
 Dispel Undead            Necr           1%         3d6       93%         4
 Sticky Flame             Conj/Fire      1%         2d3       93%         4
 Conjure Ball Lightning   Conj/Air       0%         3x3d6     100%        6
 Discord                  Hex            0%         N/A       100%        8
 Disjunction              Tloc           0%         N/A       100%        8


Dungeon Overview and Level Annotations

Branches:
Dungeon (5/15)             Temple (0/1) D:5

Altars:
Dithmenos
Gozag
Yredelemnul

Shops:
D:1 ?   D:4 [


Innate Abilities, Weirdness & Mutations

((You are quick and stealthy near water. (Stealth+, EV+, Speed+++)))
Your lower body shifts to a powerful aquatic tail in water.


Message History

The gnoll is severely wounded.
The gnoll misses you.
You hit the gnoll but do no damage.
The gnoll is severely wounded.
The gnoll hits you with a +0 whip of pain.
You kill the gnoll!
The two-headed ogre barely misses you.
The two-headed ogre hits you with a +0 giant club!!
A mysterious force pulls you upwards. The hatch slams shut behind you.
Your transformation has ended.
Your +0 robe unmelds from your body.
Casting: Spider Form (dangerous; 7% risk of failure)
Confirm with . or Enter, or press ? or * to list all spells.
You grow a pair of large bovine horns.
The two-headed ogre misses you. The two-headed ogre barely misses you.
Casting: Beastly Appendage (safe; 1% risk of failure)
Confirm with . or Enter, or press ? or * to list all spells.
Your horns disappear.
You turn into a venomous arachnid creature.
Your +0 robe melds into your body.
The two-headed ogre barely misses you. The two-headed ogre closely misses you.
You hit the two-headed ogre.
The two-headed ogre is poisoned.
The two-headed ogre is lightly wounded.
You bite the two-headed ogre!
The two-headed ogre looks as sick as possible!
The two-headed ogre is moderately wounded.
The two-headed ogre closely misses you. The two-headed ogre misses you.
You bite the two-headed ogre!
The two-headed ogre looks as sick as possible!
The two-headed ogre is heavily wounded.
The two-headed ogre completely misses you.
The two-headed ogre hits you with a +0 giant club!!
* * * LOW HITPOINT WARNING * * *
You completely miss the two-headed ogre.
The two-headed ogre is heavily wounded.
Your transformation is almost over.
Your transformation has ended.
Your +0 robe unmelds from your body.
The two-headed ogre barely misses you.
The two-headed ogre hits you with a +0 giant club!!
You die...

..###########.#......#...........
............#.#...#..#...........
..#########.#.###.#..####'#####.#
..#########.#........####.#####.#
..##........###...........#.....#
####.#####..# #...>.......#.#####
####.# #..# #...#..###.##.#
.....# #..###....<.....##.#
###### #.....O@...###..##.#
#.######.#.# #..##.# #........#.#
#..##.# ##########.###.....#
#.....##### #######


You could see a two-headed ogre (very poisoned).

Vanquished Creatures
  2 ogres
  2 phantoms
  2 scorpions (D:4)
  A water moccasin skeleton (D:5)
  A howler monkey (D:3)
  A jelly (D:5)
  2 orc priests (D:4)
  A bullfrog skeleton (D:4)
  Terence (D:3)
  2 iguanas
  Natasha (thrice) (D:4)
  4 orc wizards (D:4)
  A hound skeleton (D:4)
  4 adders
  4 gnolls
  A white imp (D:4)
  A worm (D:3)
  6 dart slugs
  13 orcs
  2 ball pythons
  4 endoplasms
  A giant cockroach (D:1)
  6 goblins
  7 hobgoblins
  4 jackals
  6 kobolds
  2 quokkas
  7 bats
  A frilled lizard (D:2)
  A quokka skeleton (D:4)
  6 rats
99 creatures vanquished.

Notes
Turn   | Place    | Note
-------+----------+-------------------------------------------
     0 | D:1      | Gwenloh the Merfolk Transmuter began the quest for the Orb.
     0 | D:1      | Reached XP level 1. HP: 15/15 MP: 3/3
   318 | D:1      | Reached skill level 3 in Transmutations
   388 | D:1      | Reached XP level 2. HP: 10/21 MP: 3/5
   391 | D:1      | Learned a level 2 spell: Wereblood
  1005 | D:1      | Found Quid's Magic Scroll Shoppe.
  1008 | D:1      | Bought a scroll of identify for 28 gold pieces
  1025 | D:1      | Reached XP level 3. HP: 26/26 MP: 4/6
  1344 | D:2      | Reached skill level 4 in Transmutations
  2155 | D:2      | Reached XP level 4. HP: 32/32 MP: 5/7
  2236 | D:2      | Learned a level 3 spell: Spider Form
  2627 | D:3      | Found a basalt altar of Yredelemnul.
  2649 | D:3      | Noticed Terence
  2659 | D:3      | Killed Terence
  2731 | D:3      | Reached skill level 1 in Poison Magic
  2945 | D:3      | Found a faded altar of an unknown god.
  3028 | D:3      | Found a shadowy altar of Dithmenos.
  3404 | D:3      | Reached XP level 5. HP: 37/37 MP: 4/8
  3419 | D:3      | Reached skill level 5 in Transmutations
  3784 | D:3      | Found an opulent altar of Gozag.
  4015 | D:4      | Reached skill level 5 in Unarmed Combat
  4133 | D:4      | Reached XP level 6. HP: 43/43 MP: 5/9
  5153 | D:4      | Reached skill level 6 in Transmutations
  5196 | D:4      | Noticed Natasha
  5237 | D:4      | Killed Natasha
  5271 | D:4      | Reached XP level 7. HP: 20/48 MP: 5/10
  5450 | D:4      | Learned a level 4 spell: Ice Form
  5539 | D:4      | Reached skill level 1 in Ice Magic
  5629 | D:4      | Noticed Natasha
  5640 | D:4      | Killed Natasha
  5732 | D:4      | Noticed Natasha
  5747 | D:4      | Killed Natasha
  5967 | D:4      | Reached skill level 7 in Transmutations
  6133 | D:4      | Found Rumnor's Antique Armour Shoppe.
  6363 | D:5      | Entered Level 5 of the Dungeon
  6390 | D:5      | Reached XP level 8. HP: 54/54 MP: 7/11
  6454 | D:5      | Reached skill level 8 in Transmutations
  6658 | D:5      | Found a staircase to the Ecumenical Temple.
  6659 | D:5      | Noticed a two-headed ogre
  6702 | D:4      | Mangled by a two-headed ogre

Illustrated notes

Levels and vault maps discovered:
D:1:      nagdon_arrival_double_spiral, layout_basic, serial_glass,
          glass_columns_a, glass_columns_b, serial_shops,
          nicolae_shop_behind_doors
D:2:      layout_basic, minmay_misc_feat_columns, minmay_misc_feat_five,
          minmay_misc_feat_tower
D:3:      layout_loops_ring, yredelemnul_altar_generic, grunt_gozag_breadcrumbs,
          nicolae_dithmenos_shadow_blocks, basic_ecumenical_altar,
          solitary_fountain, nrook_uturn, supply_closet_lemuel,
          serial_park_tiny_1, uniq_terence
D:4:      wad_crossroads, layout_basic, serial_shops, shop, uniq_natasha
D:5:      layout_rooms, minmay_temple_entry_steel_oval

Skill      XL: |  1  2  3  4  5  6  7  8 |
---------------+-------------------------+-----
Transmutations | 3 4 5 6 7 8 |  8.2
Unarmed Combat | 4 5 6 7 |  7.3
Poison Magic   | 1 2 3 |  3.0
Ice Magic      | 2 3 |  3.0
Fighting       | |  1.1
Dodging        | |  2.6
Spellcasting   | |  2.0

Action                   |  1- 3 |  4- 6 |  7- 9 || total
-------------------------+-------+-------+-------++-------
Melee: Unarmed           |    81 |   129 |    91 ||   301
       Headbutt          |    10 |    16 |       ||    26
       Punch             |       |     6 |     1 ||     7
Throw: Stone             |    40 |    73 |     4 ||   117
       Dart              |       |    11 |    13 ||    24
 Cast: Beastly Appendage |    25 |    23 |     6 ||    54
       Wereblood         |     1 |     3 |     1 ||     5
       Spider Form       |       |     8 |     8 ||    16
       Ice Form          |       |       |     4 ||     4
  Use: Scroll            |     2 |     2 |       ||     4
 Stab: Sleeping          |       |       |     1 ||     1
Armor: Robe              |     6 |     8 |       ||    14
       Skin              |       |     1 |    10 ||    11
Dodge: Dodged            |    46 |    75 |    52 ||   173

Table legend: (Time is in decaauts)
 A = Elapsed time spent in this place.
 B = Non-inter-level travel time spent in this place.
 C = Inter-level travel time spent in this place.
 D = Time resting spent in this place.
 E = Time spent auto-exploring this place.
 F = Levels seen in this place.
 G = Mean time per level.
                   A        B        C        D        E       F      G
               +--------+--------+--------+--------+--------+-----+--------+
         Total |   6695 |   6392 |    303 |    700 |   4382 |   5 | 1339.0 |
       Dungeon |   6695 |   6392 |    303 |    700 |   4382 |   5 | 1339.0 |
               +--------+--------+--------+--------+--------+-----+--------+

Top non-repeatable levels by time:
     D:4: 2232 daAuts
     D:3: 1533 daAuts
     D:2: 1354 daAuts
     D:1: 1262 daAuts
     D:5: 313 daAuts
